 Dungeon Crawl Stone Soup version 0.23.0 (webtiles) character file.

Game seed: 16310470140040853231

184 TheGoonsmith the Cutter (level 5, -1/29 HPs)
             Began as a Tengu Enchanter on Feb 9, 2019.
             Killed by divine providence
             ... invoked by an orc priest
              (12 damage)
             ... on level 3 of the Dungeon.
             The game lasted 00:04:35 (2319 turns).

TheGoonsmith the Cutter (Tengu Enchanter)           Turns: 2319, Time: 00:04:35

Health: -1/29      AC:  4    Str:  8    XL:     5   Next: 64%
Magic:  9/9        EV: 21    Int: 17    God:
Gold:   161        SH:  0    Dex: 14    Spells: 3/9 levels left

rFire    . . .     SeeInvis .   m - +0 dagger (drain)
rCold    . . .     Gourm    .   (no shield)
rNeg     . . .     Faith    .   b - +0 robe
rPois    .         Spirit   .   e - +2 hat
rElec    .         Reflect  .   (no cloak)
rCorr    .         Harm     .   (no gloves)
MR       .....                  (boots unavailable)
Stlth    ++........             (no amulet)
HPRegen  0.09/turn              r - +5 ring of evasion
MPRegen  0.11/turn              (no ring)

@: flying quickly and evasively, hasted, very quick
A: beak, talons 3, able to fly
a: Stop Flying


You were on level 3 of the Dungeon.
You were not hungry.

You visited 1 branch of the dungeon, and saw 3 of its levels.

You collected 161 gold pieces.

Inventory:

Hand Weapons
 a - a +1 dagger
 m - a +0 dagger of draining (weapon)
Missiles
 i - 36 bolts
Armour
 b - a +0 robe (worn)
 e - a +2 hat (worn)
 f - a +0 helmet
Jewellery
 k - an uncursed amulet of guardian spirit
 r - a +5 ring of evasion (left hand)
Scrolls
 c - 4 scrolls of identify
Potions
 h - 2 potions of lignification {unknown}
 j - a potion of flight
 l - 2 potions of haste
 n - a potion of curing
 p - 2 potions of might {unknown}
 q - a potion of heal wounds {unknown}
Comestibles
 d - 5 rations
 s - 2 chunks of flesh


   Skills:
 - Level 1.0 Fighting
 - Level 4.0 Short Blades
 - Level 3.5 Dodging
 - Level 3.0 Stealth
 + Level 2.5 Spellcasting
 + Level 2.5 Hexes


You had 3 spell levels left.
You knew the following spells:

 Your Spells              Type           Power        Failure   Level  Hunger
a - Corona                Hex            ##.....      6%          1    #......
b - Ensorcelled Hibernat  Hex/Ice        #.....       17%         2    ##.....
c - Confuse               Hex            ##......     19%         3    ###....

Your spell library contained the following spells:

 Spells                   Type           Power        Failure   Level  Hunger
 Tukima's Dance           Hex            ##......     19%         3    ###....
 Dazzling Spray           Conj/Hex       #.....       32%         3    ###....


Dungeon Overview and Level Annotations

Branches:
Dungeon (3/15)

Altars:
Gozag

Annotations:
D:3 1 runed translucent door, Crazy Yiuf


Innate Abilities, Weirdness & Mutations

You have a beak for a mouth.
You have claws for feet.
You can fly continuously.


Message History

You resist with some effort.
The orc priest looks satisfied for a moment.
The orc wizard casts a spell at you. The puff of flame hits you!
As you read the scroll labeled JAPLIZ ZELI, it crumbles to dust.
You assume a fearsome visage.
Nothing appears to happen.
It was a scroll of fear.
Okay, then.
As you read the scroll labeled CAUXKO VAPT, it crumbles to dust.
You feel blessed for a moment.
It was a scroll of remove curse.
It was a potion of haste.
You feel yourself speed up.
The orc wizard hits you but does no damage.
You hit the orc wizard but do no damage.
You drain the orc wizard.
The orc wizard is lightly wounded.
You closely miss the orc wizard. Your kick misses the orc wizard.
The orc wizard is lightly wounded.
The orc priest calls down the wrath of Beogh upon you.
Beogh smites you!
You die...

.... .o# #o#
#o# #o# #o#
####### # #.#
#.....# #
#o#######.###.#
######.
#.o@).......#.#
.......
#########.#.#.#
...# ## #.....#
.†.##...###
###.###
.......... #
#.#
#)###.).#..#
#.# ...###.#
..# #.#
......###.###
#.#
.....##.....##
#.#


You could see an orc priest and an orc wizard.

Vanquished Creatures
  An orc priest (D:3)
  An orc wizard (D:3)
  Jessica (D:3)
  3 adders
  A worm (D:2)
  2 dart slugs (D:2)
  4 leopard geckos
  6 orcs (D:3)
  8 bats
  2 giant cockroaches (D:3)
  2 goblins (D:2)
  4 hobgoblins
  4 jackals
  A quokka (D:2)
  2 ball pythons
  4 frilled lizards
  5 kobolds
  7 rats
58 creatures vanquished.

Notes
Turn   | Place    | Note
-------+----------+-------------------------------------------
     0 | D:1      | TheGoonsmith the Tengu Enchanter began the quest for the
                  | Orb.
     0 | D:1      | Reached XP level 1. HP: 10/10 MP: 4/4
    94 | D:1      | Reached skill level 2 in Short Blades
   141 | D:1      | Reached XP level 2. HP: 15/15 MP: 6/6
   555 | D:1      | Reached skill level 3 in Short Blades
   788 | D:1      | Learned a level 2 spell: Ensorcelled Hibernation
  1119 | D:2      | Reached XP level 3. HP: 19/19 MP: 7/7
  1516 | D:2      | Reached skill level 4 in Short Blades
  1669 | D:2      | Reached XP level 4. HP: 24/24 MP: 8/8
  1981 | D:3      | Found a runed translucent door.
  1982 | D:3      | Noticed Crazy Yiuf
  2032 | D:3      | Reached skill level 1 in Fighting
  2079 | D:3      | Learned a level 3 spell: Confuse
  2141 | D:3      | Noticed Jessica
  2152 | D:3      | Gained mutation: You can fly continuously. [Tengu growth]
  2152 | D:3      | Reached XP level 5. HP: 29/29 MP: 9/9
  2163 | D:3      | Killed Jessica
  2205 | D:3      | Found an opulent altar of Gozag.
  2319 | D:3      | Killed from afar by an orc priest

Skill      XL: |  1  2  3  4 |
---------------+-------------+-----
Short Blades   | 2 3 4 |  4.0
Fighting       | 1 |  1.0
Dodging        | 3 |  3.5
Stealth        | |  3.0
Spellcasting   | |  2.5
Hexes          | |  2.5

Action                   |  1- 3 |  4- 6 || total
-------------------------+-------+-------++-------
Melee: Dagger            |   103 |    81 ||   184
       Peck              |     6 |     6 ||    12
       Kick              |    17 |     7 ||    24
 Cast: Ensorcelled Hiber |     4 |       ||     4
 Abil: Fly               |       |     1 ||     1
  Use: Potion            |     2 |     1 ||     3
       Scroll            |       |     4 ||     4
 Stab: Sleeping          |     6 |     3 ||     9
  Eat: Chunk             |     2 |     3 ||     5
Armor: Robe              |    27 |     7 ||    34
Dodge: Dodged            |    66 |    48 ||   114
